 Dungeon Crawl Stone Soup version 0.30.0-5-g1a98f26d00 (webtiles) character file.

Game seed: 16784285973345585615

88 retardedninja the Chopper (level 4, 0/60 HPs)
             Began as a Hill Orc Fighter on May 8, 2023.
             Succumbed to a scorpion's poison
             ... on level 3 of the Dungeon.
             The game lasted 00:02:10 (1520 turns).

retardedninja the Chopper (Hill Orc Fighter)        Turns: 1520, Time: 00:02:10

Health: 0/60       AC: 22    Str: 20    XL:     4   Next: 53%
Magic:  4/4        EV:  2    Int:  8    God:
Gold:   96         SH:  4    Dex: 10    Spells: 3/3 levels left

rFire   . . .        a - +0 war axe
rCold   . . .        c - +0 buckler
rNeg    . . .        q - melded +4 scale mail of the Fiddle {Int+3 Stlth+}
rPois   +            (helmet currently unavailable)
rElec   .            l - melded +0 cloak
rCorr   .            (gloves currently unavailable)
SInv    .            (boots currently unavailable)
Will    .....        (no amulet)
Stlth   +            (no ring)
HPRegen 0.30/turn    (no ring)
MPRegen 0.09/turn

%: no passive effects
@: lethally poisoned (0 -> -3), tree-form, invisible
A: stationary, stasis, torment immunity, boosted hp
a: no special abilities


You were on level 3 of the Dungeon.
You were a tree.
You visited 1 branch of the dungeon, and saw 3 of its levels.

You collected 96 gold pieces.

Inventory:

Hand Weapons
 a - a +0 war axe (weapon)
Missiles
 o - a throwing net (quivered)
Armour
 c - a +0 buckler (worn)
 l - a +0 cloak (melded)
 q - the +4 scale mail of the Fiddle (melded) {Int+3 Stlth+}
   (You found it on level 2 of the Dungeon)

   Int:       It affects your intelligence (+3).
   Stlth:     It makes you more stealthy.
Scrolls
 b - 2 scrolls of identify {unknown}
 e - a scroll of acquirement {unknown}
 g - a scroll of vulnerability {unknown}
 i - a scroll of fog {unknown}
 k - a scroll of magic mapping {unknown}
 p - a scroll of amnesia {unknown}
Potions
 d - 2 potions of might
 h - a potion of flight


   Skills:
 + Level 3.9 Fighting
 * Level 4.6 Axes
 + Level 4.1 Armour
 + Level 0.2 Dodging
 + Level 3.6 Shields


You had 3 spell levels left.
You didn't know any spells.
Your spell library contained the following spells:

 Spells                   Type           Power      Damage    Failure   Level
 Ignite Poison            Fire/Tmut/Pois 0%         N/A       85%         3
 Sticky Flame             Conj/Fire      0%         2d3       99%         4
 Ignition                 Fire           0%         3d3       100%        8


Dungeon Overview and Level Annotations

Branches:
Dungeon (3/15)

Altars:
Cheibriados


Message History

The scorpion stings you.
You are more poisoned.
The scorpion poisons you!
Okay, then.
You hit the scorpion but do no damage.
The scorpion is heavily wounded.
You slash the giant cockroach!
You kill the giant cockroach!
You feel very sick.
The scorpion stings you but does no damage. x2
You hit the scorpion.
The scorpion is almost dead.
* * * LOW HITPOINT WARNING * * *
You feel very sick.
The scorpion stings you but does no damage.
The scorpion stings you.
* * * LOW HITPOINT WARNING * * *
It was a potion of flight.
You feel very buoyant.
You fly up into the air.
* * * LOW HITPOINT WARNING * * *
You feel sick.
The scorpion stings you but does no damage.
It was a potion of magic.
Magic courses through your body.
* * * LOW HITPOINT WARNING * * *
You feel sick. The scorpion completely misses you.
It was a potion of invisibility.
You fade into invisibility!
* * * LOW HITPOINT WARNING * * *
You feel sick.
The scorpion stings you but does no damage.
It was a potion of lignification.
You turn into a tree.
Your +0 cloak melds into your body.
The +4 scale mail of the Fiddle {Int+3 Stlth+} melds into your body.
Your roots penetrate the ground.
* * * LOW HITPOINT WARNING * * *
You feel sick. You block the scorpion's attack.
You closely miss the scorpion.
The scorpion is severely wounded.
You die...

####### ##
##.(...#...
##..........
#...<.......
#...♣s......
#...........
#...........
#......>....
#...........
##..........
##.....#...
######...#


You could see a scorpion (unable to see you).

Vanquished Creatures
  4 adders (D:2)
  3 dart slugs
  5 bats (D:1)
  4 endoplasms (D:1)
  A giant cockroach (D:3)
  4 hobgoblins
  3 jackals (D:2)
  3 quokkas
  2 ball pythons (D:1)
  2 frilled lizards (D:1)
  6 goblins
  2 kobolds (D:1)
  6 rats
45 creatures vanquished.

Notes
Turn   | Place    | Note
-------+----------+-------------------------------------------
     0 | D:1      | retardedninja the Hill Orc Fighter began the quest for the
                  | Orb.
     0 | D:1      | Reached XP level 1. HP: 19/19 MP: 1/1
   209 | D:1      | Reached XP level 2. HP: 26/27 MP: 2/2
   655 | D:1      | Reached XP level 3. HP: 27/33 MP: 3/3
  1022 | D:2      | Found a snail-covered altar of Cheibriados.
  1057 | D:2      | Reached XP level 4. HP: 38/40 MP: 4/4
  1184 | D:2      | Identified the +4 scale mail of the Fiddle {Int+3 Stlth+}
  1506 | D:3      | Noticed a scorpion
  1517 | D:3      | HP: 2/40 [poisoned by a scorpion]
  1520 | D:3      | Succumbed to a scorpion's poison

Illustrated notes

Levels and vault maps discovered:
D:1:      dpeg_arrival_oval, layout_basic, minmay_pentomino_x4
D:2:      layout_loops_ring, basic_altar
D:3:      layout_rooms, amcnicky_mini_rare_corridor_liquid,
          kennysheep_generic_room_12

Skill      XL: |  1  2  3 |
---------------+----------+-----
Axes           | 3 4 |  4.6
Armour         | 4 |  4.1
Fighting       | |  3.9
Dodging        | |  0.2
Shields        | |  3.6

Action                     |  1- 3 |  4- 6 || total
---------------------------+-------+-------++-------
  Melee: War axe           |    97 |    28 ||   125
    Use: Potion            |       |     4 ||     4
 Armour: Chain mail        |    73 |     9 ||    82
         Scale mail        |     3 |    18 ||    21
  Dodge: Dodged            |    33 |    11 ||    44
  Block: Buckler           |    28 |     6 ||    34
